 Dungeon Crawl Stone Soup version 0.28-a0-620-g539b0f7ac7 (webtiles) character file.

Game seed: 7611860811322827898

27 ytrimaz the Ruffian (level 2, 22/23 HPs)
             Began as a Draconian Transmuter on Oct 6, 2021.
             Quit the game on level 2 of the Dungeon.
             The game lasted 00:04:02 (1477 turns).

ytrimaz the Ruffian (Draconian Transmuter)          Turns: 1477, Time: 00:04:03

Health: 22/23      AC:  4    Str: 12    XL:     2   Next: 93%
Magic:  5/5        EV: 12    Int: 13    God:
Gold:   41         SH:  0    Dex: 11    Spells: 4/5 levels left

rFire   . . .      SeeInvis .     - Unarmed
rCold   . . .      Faith    .   (no shield)
rNeg    . . .      Spirit   .   (armour unavailable)
rPois   .          Reflect  .   (helmet restricted)
rElec   .          Harm     .   (no cloak)
rCorr   .          Rampage  .   (no gloves)
Will    .....                   (no boots)
Stlth   +.........              (no amulet)
HPRegen 0.07/turn               (no ring)
MPRegen 0.09/turn               (no ring)

@: no status effects
A: AC +4, unfitting armour, cold-blooded
a: no special abilities


You were on level 2 of the Dungeon.
You visited 1 branch of the dungeon, and saw 2 of its levels.

You collected 41 gold pieces.

Inventory:

Scrolls
 b - a scroll of blinking {unknown}
 d - 2 scrolls of enchant armour {unknown}
 f - a scroll of identify {unknown}
 h - a scroll of amnesia {unknown}
 i - a scroll of enchant weapon {unknown}
Potions
 a - a potion of degeneration {unknown}
 c - a potion of ambrosia {unknown}
 e - a potion of flight {unknown}
 g - a potion of curing {unknown}


   Skills:
 + Level 1.1 Fighting
 + Level 1.8 Dodging
 * Level 3.6 Unarmed Combat
 - Level 2.3 Spellcasting
 * Level 2.3 Transmutations


You had 4 spell levels left.
You knew the following spells:

 Your Spells              Type           Power      Damage    Failure   Level
a - Beastly Appendage     Tmut           14%        N/A       10%         1

Your spell library contained the following spells:

 Spells                   Type           Power      Damage    Failure   Level
 Wereblood                Tmut           7%         N/A       14%         2
 Spider Form              Tmut/Pois      2%         N/A       41%         3
 Ice Form                 Ice/Tmut       4%         N/A       83%         4


Dungeon Overview and Level Annotations

Branches:
Dungeon (2/15)

Altars:

Shops:
D:1 ((=:


Innate Abilities, Weirdness & Mutations

Your plain brown scales are hard. (AC +4)
You cannot fit into any form of body armour.
You are cold-blooded and may be slowed by cold attacks.


Message History

Press ? for a list of commands and other information.
Okay, then.
Okay, then.
There is an open door here.
You hit the demonic plant.
The demonic plant begins to die.
You tail-slap the demonic plant.
The demonic plant is lightly damaged.
You hit the demonic plant.
The demonic plant is lightly damaged.
A nearby demonic plant withers and dies.
Done exploring.
Done exploring.
Done exploring.
Done exploring.
Done exploring.
There is a stone staircase leading down here.
You climb downwards.
Found 19 gold pieces.
There is a stone staircase leading up here.
You barely miss the goblin. You tail-slap the goblin.
The goblin is heavily wounded.
The goblin hits you with a +0 club.
You hit the goblin.
The goblin is severely wounded.
The goblin barely misses you.
You closely miss the goblin.
The goblin is severely wounded.
The goblin hits you with a +0 club.
You barely miss the goblin.
The goblin is severely wounded.
The goblin closely misses you.
You hit the goblin.
You kill the goblin!
Things that are here:
a +0 club; a goblin corpse
There is a stone staircase leading up here.
You now have 41 gold pieces (gained 19).
You open the door.
There is an open door here.
Are you sure you want to abandon this character and quit the game? (Confirm with "yes".)

##+## # ##...## .#
##.....## #.##
##.......## #...#
#.........####....#
+.........'..@....#
#...).....####....#
##.......## #.#.#
##.....## ## #
##<..## ##+##


There were no monsters in sight!

Vanquished Creatures
  4 ball pythons (D:1)
  4 bats (D:1)
  An endoplasm (D:1)
  A giant cockroach (D:1)
  3 goblins
  3 hobgoblins (D:1)
  2 quokkas (D:1)
  A frilled lizard (D:1)
  A kobold (D:1)
  4 rats (D:1)
24 creatures vanquished.

Vanquished Creatures (others)
  A demonic plant (D:1)
1 creature vanquished.

Grand Total: 25 creatures vanquished

Notes
Turn   | Place    | Note
-------+----------+-------------------------------------------
     0 | D:1      | ytrimaz the Draconian Transmuter began the quest for the
                  | Orb.
     0 | D:1      | Reached XP level 1. HP: 16/16 MP: 3/3
    48 | D:1      | Found Pyxaat's Weapon Shop.
   350 | D:1      | Reached XP level 2. HP: 18/23 MP: 3/5
   884 | D:1      | Found Xatsilio's Antique Weapon Emporium.
  1196 | D:1      | Found Nazumuga's Jewellery Boutique.
  1199 | D:1      | Found Movutuk Ipri's Book Shoppe.
  1398 | D:1      | Found a faded altar of an unknown god.
  1398 | D:1      | Noticed a blizzard demon
  1477 | D:2      | Quit the game

Illustrated notes

Levels and vault maps discovered:
D:1:      dpeg_arrival_rooms_with_view, layout_loops_ring,
          dreamdust_ecumenical_altar_sealed_demon, serial_shops, shop,
          nicolae_shop_window_shopping,
          nicolae_shop_competitors_out_of_business, shop, grunt_decor_arrowhead,
          kennysheep_decorative_pillar
D:2:      layout_loops_corners, minmay_cupped

Action                   || total
-------------------------++-------
Melee: Unarmed           ||    83
       Kick              ||     4
       Tailslap          ||     6
       Headbutt          ||     3
 Cast: Beastly Appendage ||    14
Armor: Skin              ||    45
Dodge: Dodged            ||    93

Table legend: (Time is in decaauts)
 A = Elapsed time spent in this place.
 B = Non-inter-level travel time spent in this place.
 C = Inter-level travel time spent in this place.
 D = Time resting spent in this place.
 E = Time spent auto-exploring this place.
 F = Levels seen in this place.
 G = Mean time per level.
                   A        B        C        D        E       F      G
               +--------+--------+--------+--------+--------+-----+--------+
         Total |   1475 |   1439 |     36 |      3 |   1132 |   2 |  737.5 |
       Dungeon |   1475 |   1439 |     36 |      3 |   1132 |   2 |  737.5 |
               +--------+--------+--------+--------+--------+-----+--------+

Top non-repeatable levels by time:
     D:1: 1446 daAuts
     D:2: 29 daAuts
